 Dungeon Crawl Stone Soup version 0.20.1-1-g8b1a95d (webtiles) character file.

613 Mesmaeker13 the Magician (level 7, 0/36 HPs)
             Began as a Deep Elf Fire Elementalist on July 20, 2017.
             Succumbed to a crimson imp's poison
             ... on level 4 of the Dungeon.
             The game lasted 00:11:15 (4344 turns).

Mesmaeker13 the Magician (DEFE)                     Turns: 4344, Time: 00:11:16

Health: 0/36       AC:  3    Str:  7    XL:     7   Next: 20%
Magic:  17/17      EV: 15    Int: 20    God:
Gold:   125        SH:  0    Dex: 15    Spells: 10/17 levels left

rFire    . . .     SeeInvis .   e - +0 war axe
rCold    . . .     Gourm    .   (no shield)
rNeg     . . .     Faith    .   a - +0 robe
rPois    .         Spirit   .   (no helmet)
rElec    .         Reflect  .   (no cloak)
rCorr    .         Harm     .   (no gloves)
MR       .....                  f - +0 pair of boots
Stlth    ++........             (no amulet)
Regen    0.2/turn               (no ring)
MPRegen  0.2/turn               (no ring)

@: lethally poisoned (0 -> -1), drained
A: no striking features
a: no special abilities


You were on level 4 of the Dungeon.
You were very hungry.

You visited 1 branch of the dungeon, and saw 5 of its levels.

You collected 125 gold pieces.

Inventory:

Hand Weapons
 e - a +0 war axe (weapon)
 m - a +0 dagger
Missiles
 d - 21 poisoned needles
Armour
 a - a +0 robe (worn)
 f - a +0 pair of boots (worn)
 p - a +0 helmet
Scrolls
 g - a scroll of remove curse
 j - 4 scrolls of teleportation
 l - a scroll of blinking {unknown}
 s - a scroll of enchant weapon {unknown}
Books
 b - a book of Flames

   Spells                             Type                      Level
   a - Flame Tongue                   Conjuration/Fire             1
   b - Throw Flame                    Conjuration/Fire             2
   c - Conjure Flame                  Conjuration/Fire             3
   d - Inner Flame                    Hexes/Fire                   3
   e - Sticky Flame                   Conjuration/Fire             4
   f - Fireball                       Conjuration/Fire             5
 r - a book of Changes

   Spells                             Type                      Level
   a - Beastly Appendage              Transmutation                1
   b - Sticks to Snakes               Transmutation                2
   c - Spider Form                    Transmutation/Poison         3
   d - Ice Form                       Ice/Transmutation            4
   e - Blade Hands                    Transmutation                5
Comestibles
 c - 3 bread rations
 i - a royal jelly
 n - a fruit
 t - a meat ration


   Skills:
 + Level 5.3(5.0) Dodging
 - Level 2.4(2.1) Stealth
 + Level 5.9(5.6) Spellcasting
 + Level 4.2(4.0) Conjurations
 + Level 5.2(5.0) Fire Magic


You had 10 spell levels left.
You knew the following spells:

 Your Spells              Type           Power        Failure   Level  Hunger
a - Flame Tongue          Conj/Fire      ###..        1%          1    None
b - Throw Flame           Conj/Fire      ###...       2%          2    None
c - Conjure Flame         Conj/Fire      ###.....     4%          3    ##.....
d - Beastly Appendage     Tmut           #.....       11%         1    None


Dungeon Overview and Level Annotations

Branches:
Dungeon (5/15)
 Temple: D:4-7

Altars:
Kikubaaqudgha
Nemelex Xobeh
Okawaru
Qazlal
Xom

Shops:
D:4 [


Message History

You are feeling very hungry.
You see here a war axe.
e - a war axe You feel sick.
You aren't carrying any potions.
Unknown command.
You can't go up here!
Wield which item (- for none, * to show all)? (? for menu, Esc to quit)
e - a +0 war axe (weapon)
The crimson imp hits you with a dagger of chaos.
* * * LOW HITPOINT WARNING * * *
You feel drained.
You miss the crimson imp.
The crimson imp hits you with a dagger of chaos.
* * * LOW HITPOINT WARNING * * *
The crimson imp closely misses you.
You hit the crimson imp.
The crimson imp is lightly wounded.
You feel yourself speed up.
You die...

#.########.# #.#
#.# #.# #.#
#.########.#####
#.#...5........#
#.#.######.###.#
#######.#,* #.#
#.# ...§.§..#,*
#5# #.#
#########,* #@#
#.# *,* #.# #.#
#### *,* #.# #.#
...# *,* #.# #.#
##.# *,*
##.###.# ##.####
*,* ##...##.#
......#
*.####.....#.#
##.##.#
*............#
##.##.#
*#####.....###


You could see a crimson imp.

Vanquished Creatures
  A sky beast (D:3)
  2 ogres
  A scorpion (D:4)
  An orc priest (D:3)
  A hound (D:4)
  A bullfrog skeleton (D:4)
  Natasha (D:2)
  10 adders
  4 worms
  A dart slug (D:1)
  2 leopard geckos (D:2)
  9 orcs
  4 ball pythons
  6 bats
  A giant cockroach (D:1)
  6 hobgoblins
  17 jackals
  A quokka (D:2)
  5 frilled lizards
  7 goblins
  3 kobolds
  5 rats
89 creatures vanquished.

Notes
Turn   | Place    | Note
-------+----------+-------------------------------------------
     0 | D:1      | Mesmaeker13 the Deep Elf Fire Elementalist began the quest for the Orb.
     0 | D:1      | Reached XP level 1. HP: 10/10 MP: 6/6
   333 | D:1      | Reached XP level 2. HP: 15/15 MP: 6/8
  1112 | D:2      | Reached XP level 3. HP: 19/19 MP: 8/10
  1181 | D:2      | Found an ancient bone altar of Kikubaaqudgha.
  1298 | D:2      | Learned a level 2 spell: Throw Flame
  1512 | D:2      | Reached XP level 4. HP: 23/24 MP: 9/12
  1590 | D:2      | Noticed Natasha
  1596 | D:2      | Killed Natasha
  2132 | D:3      | Learned a level 3 spell: Conjure Flame
  2171 | D:3      | Reached XP level 5. HP: 11/28 MP: 7/13
  2881 | D:3      | Noticed an ogre
  2888 | D:3      | Killed an ogre
  2888 | D:3      | Reached skill level 5 in Spellcasting
  2913 | D:3      | Found an iron altar of Okawaru.
  3025 | D:3      | Reached XP level 6. HP: 32/32 MP: 13/15
  3260 | D:3      | Noticed a sky beast
  3273 | D:3      | Killed a sky beast
  3426 | D:4      | Found a sparkling altar of Nemelex Xobeh.
  3427 | D:4      | Found a stormy altar of Qazlal.
  3430 | D:4      | Found Teargh Ropra's Armour Emporium.
  3455 | D:4      | Reached skill level 5 in Dodging
  3476 | D:4      | Reached skill level 5 in Fire Magic
  3607 | D:4      | Reached XP level 7. HP: 36/36 MP: 13/17
  3658 | D:4      | Found a shimmering altar of Xom.
  3916 | D:5      | Entered Level 5 of the Dungeon
  4010 | D:4      | Learned a level 1 spell: Beastly Appendage
  4343 | D:4      | HP: 1/36 [crimson imp/dagger of chaos (5)]
  4344 | D:4      | Succumbed to a crimson imp's poison

Skill      XL: |  1  2  3  4  5  6 |
---------------+-------------------+-----
Conjurations   | 2 3 4 |  4.2
Dodging        | 3 4 5 |  5.3
Spellcasting   | 4 5 |  5.9
Fire Magic     | 4 5 |  5.2
Stealth        | |  2.4

Action                   |  1- 3 |  4- 6 |  7- 9 || total
-------------------------+-------+-------+-------++-------
Melee: Spear             |    24 |       |       ||    24
       Dagger            |     6 |    31 |   120 ||   157
       Short sword       |     5 |       |       ||     5
       War axe           |       |       |     2 ||     2
       Headbutt          |       |       |     2 ||     2
 Cast: Flame Tongue      |    45 |    79 |    18 ||   142
       Throw Flame       |     3 |    12 |     1 ||    16
       Conjure Flame     |       |     2 |       ||     2
       Beastly Appendage |       |       |     6 ||     6
  Use: Scroll            |     4 |     1 |     3 ||     8
       Potion            |       |       |     3 ||     3
  Eat: Chunk             |     2 |     6 |     1 ||     9
       Fruit             |       |       |     1 ||     1
Armor: Robe              |     8 |     8 |    27 ||    43
Dodge: Dodged            |    47 |    36 |    87 ||   170
